 Dungeon Crawl Stone Soup version 0.29.0-13-gc9e81de378 (webtiles) character file.

Game seed: 11036258299618350614

53394 sanka the Brawler (level 14, -11/117 HPs)
             Began as a Palentonga Transmuter on Sept 9, 2022.
             Was an Elder of Vehumet.
             Mangled by a white ugly thing (34 damage)
             ... on level 1 of the Depths.
             The game lasted 00:39:56 (23128 turns).

sanka the Brawler (Palentonga Transmuter)          Turns: 23128, Time: 00:39:56

Health: -11/117    AC: 25    Str: 17    XL:     14   Next: 30%
Magic:  21/21      EV: 13    Int: 18    God:    Vehumet [****..]
Gold:   994        SH:  5    Dex: 12    Spells: 4/23 levels left

rFire   . . .      SeeInvis +     - Unarmed
rCold   . . .      Faith    .   (no shield)
rNeg    + . .      Spirit   .   V - +1 robe "Urhitax" {Will+ Str+3}
rPois   +          Reflect  +   s - +0 helmet
rElec   .          Harm     .   A - +2 ratskin cloak {*Rats rPois rN+ Str-1 Int-1 Dex+1}
rCorr   .          Rampage  .   q - +0 pair of gloves
Will    ++...                   (no barding)
Stlth   +.........              k - amulet of reflection
HPRegen 0.29/turn               a - +4 ring of protection
MPRegen 0.17/turn               c - +4 ring of protection

@: curled up
A: large, rugged brown scales 3, see invisible, deformed body, roll 1, armoured
tail, reflexive curl
a: Rolling Charge, Renounce Religion


You were on level 1 of the Depths.
You worshipped Vehumet.
Vehumet was greatly pleased with you.
You visited 2 branches of the dungeon, and saw 16 of its levels.
You also visited: Ossuary and Bailey.

You collected 994 gold pieces.


Innate Abilities, Weirdness & Mutations

You are completely covered in rugged brown scales. (AC +3, +7% HP)
You have supernaturally acute eyesight. (SInv)
Armour fits poorly on your strangely shaped body.
You can roll at nearby foes to attack.
You have a long armoured tail.
You curl defensively after being hit. (AC +7*)


   Skills:
 + Level 10.3 Fighting
 - Level 10.0 Dodging
 + Level 15.2 Unarmed Combat
 - Level 5.0 Spellcasting
 - Level 3.0 Conjurations
 - Level 10.0 Transmutations
 - Level 5.0 Ice Magic
 - Level 3.0 Air Magic
 - Level 2.0 Poison Magic


You had 4 spell levels left.
You knew the following spells:

 Your Spells              Type           Power      Damage    Failure   Level
c - Ice Form              Ice/Tmut       31%        N/A       6%          4
u - Poisonous Vapours     Pois/Air       26%        N/A       1%          2
x - Spider Form           Tmut/Pois      26%        N/A       3%          3
y - Wereblood             Tmut           40%        N/A       1%          2
z - Beastly Appendage     Tmut           80%        N/A       1%          1
N - Passwall              Tmut/Erth      18%        N/A       2%          2
X - Freezing Cloud        Conj/Ice/Air   8%         6-21      21%         5

Your spell library contained the following spells:

 Spells                   Type           Power      Damage    Failure   Level
 Conjure Ball Lightning   Conj/Air       7%         3x3d6     78%         6
 Magic Dart               Conj           60%        1d6       1%          1
 Searing Ray              Conj           30%        2d5       1%          2
 Frozen Ramparts          Ice            44%        1d7       1%          3
 Ignite Poison            Fire/Tmut/Pois 18%        N/A       2%          3
 Mephitic Cloud           Conj/Pois/Air  14%        N/A       4%          3
 Conjure Flame            Conj/Fire      9%         6-21      6%          3
 Stone Arrow              Conj/Erth      18%        3d8       6%          3
 Ensorcelled Hibernation  Hex/Ice        26%        N/A       7%          2
 Swiftness                Air            15%        N/A       12%         3
 Fulminant Prism          Conj/Hex       4%         3d6       17%         4
 Sticky Flame             Conj/Fire      9%         2d3       17%         4
 Call Imp                 Summ           4%         N/A       21%         2
 Tukima's Dance           Hex            4%         N/A       36%         3
 Summon Ice Beast         Ice/Summ       13%        N/A       43%         4
 Anguish                  Hex/Necr       2%         N/A       78%         4
 Animate Dead             Necr           4%         N/A       78%         4
 Passage of Golubria      Tloc           4%         N/A       78%         4
 Yara's Violent Unravell  Hex/Tmut       11%        3d6       13%         5
 Haunt                    Necr/Summ      2%         N/A       100%        7
 Infestation              Necr           2%         N/A       100%        8
 Lehudib's Crystal Spear  Conj/Erth      4%         10d3      100%        8

Inventory:

Hand Weapons
 O - a +5 broad axe
Missiles
 u - 14 curare-tipped darts {=f}
 z - a throwing net {=f}
Armour
 q - a +0 pair of gloves (worn)
 s - a +0 helmet (worn)
 A - the +2 ratskin cloak (worn) {*Rats rPois rN+ Str-1 Int-1 Dex+1} When the wearer is hurt, rats may emerge from it to assist them. Str: It affects your strength (-1). Int: It affects your intelligence (-1). Dex: It affects your dexterity (+1). rPois: It protects you from poison. rN: It protects you from negative energy.
 P - a +4 ring mail
 V - the +1 robe "Urhitax" (worn) {Will+ Str+3}

   Str:       It affects your strength (+3).
   Will:      It increases your willpower.
Magical Staves
 i - a staff of earth
Jewellery
 a - a +4 ring of protection (left hand)
 c - a +4 ring of protection (right hand)
 d - a ring of protection from fire
 g - an amulet of guardian spirit
 k - an amulet of reflection (around neck)
 p - a ring of flight
 K - a +6 ring of intelligence
 S - a ring of poison resistance
 W - a ring of fire
Wands
 t - a wand of polymorph (5)
 B - a wand of light (1)
 E - a wand of roots (21)
 J - a wand of flame (32)
 M - a wand of paralysis (33)
 X - a wand of mindburst (11)
Scrolls
 b - 2 scrolls of brand weapon
 f - 2 scrolls of magic mapping
 l - 4 scrolls of enchant armour
 m - 5 scrolls of poison {!r}
 r - 5 scrolls of blinking
 v - 3 scrolls of amnesia
 y - 6 scrolls of vulnerability {!r}
 D - 3 scrolls of fog
 F - 2 scrolls of fear
 L - a scroll of noise {!r}
 N - a scroll of teleportation {@r4}
 Q - 5 scrolls of enchant weapon
 T - a scroll of immolation {!r}
 U - 2 scrolls of identify {@r1}
Potions
 e - 4 potions of might
 h - 9 potions of curing {@q1}
 n - 4 potions of brilliance {unknown}
 o - 2 potions of attraction {unknown}
 w - a potion of mutation {unknown}
 x - 3 potions of flight {unknown}
 C - 2 potions of invisibility
 G - 4 potions of haste {unknown}
 H - 7 potions of heal wounds {unknown}
 I - 5 potions of resistance

Dungeon Overview and Level Annotations

Branches:
Dungeon (15/15)            Temple (0/1) D:4            Lair (0/5) D:11
    Orc (0/2) D:12         Vaults (0/5) D:14         Depths (1/4) D:15
Ossuary (visited)          Bailey (visited)

Altars:
Ashenzari
Cheibriados
Gozag
Hepliaklqana
Kikubaaqudgha
Okawaru
Trog
Uskayaw
Vehumet
Zin

Shops:
D:10 *   D:13 !

Portals:
Ziggurat: Depths:1

Annotations:
D:8 3 runed translucent doors, diceflayer's ghost, novice DsFi

░,░░,░,░ ▒...u..▒ ░,,,,,,,,,
,,░░,░,░ ▒...u..▒ ░,,,,,,░░,
░░░░,░,░ ▒.u.u..▒▒ ░,,,,,,,,,
░,░,░ ▒..u....▒ ░,,,,,,░░, ░,░,░
▒.......▒▒▒░░,░░░,░░, ░░░░,░,░
▒▒▒...uu....▒ ░,░░░,░░, ,,,░,░,░
▒....u∩...▒,░ ░,,,,,,░,
,░,░,░,░░▒▒.▒..uu...▒.▒▒░░░░░,░░,
,,,░,░,,./......H.......,,,,,,░░,
,░░░,░░░▒▒▒▒▒..p....▒▒▒▒░░░░░░░░░
,░ ░,,,,,(.....V........,,,,,,,,,
,░░░,░░░░▒▒.....▒▒▒▒▒▒▒▒░░░░░░░░░
,░,,,,,,,......V▒ ░,,
,░,░,░░░▒▒▒.....▒ ░░░,░ ,░,░,░
▒▒▒▒.▒▒ ░▒▒...▒ ,░,░,░░░░▒▒▒▒▒V░
░~≈~~~≈
,,,,,,,,,......▒▒▒▒▒▒▒▒▒▒▒░░▒...▒


You could see 3 very ugly things, 6 ugly things, 2 jiangshi, a vampire mage and
a wizard.


Message History

Your surroundings suddenly seem different.
A vampire mage, 3 purple very ugly things, 3 purple ugly things and 4 white ugly things come into view.
Found a one-way gateway to a ziggurat.
The purple very ugly thing gurgles horribly!
The purple very ugly thing gurgles horribly!
The purple ugly thing gurgles horribly!
The purple very ugly thing gurgles horribly!
The purple ugly thing gurgles horribly!
The purple ugly thing gurgles horribly!
The white ugly thing gurgles horribly!
The white ugly thing gurgles horribly!
The white ugly thing gurgles horribly!
You hear a shout!
A wizard comes into view. It is wielding a +0 dagger.
Unknown command.
Unknown command.
Found a wand of paralysis (6).
The purple ugly thing basks in the mutagenic energy from its kin and changes!
The white ugly thing attacks as you move away!
The white ugly thing kicks you but does no damage.
Found 5 silver boomerangs.
The purple very ugly thing basks in the mutagenic energy from its kin and changes!
The purple ugly thing basks in the mutagenic energy from its kin and changes!
The wizard gestures wildly while chanting.
The wizard blinks!
The white ugly thing attacks as you move away!
The white ugly thing headbutts you.
* * * LOW HITPOINT WARNING * * *
The white ugly thing freezes you!!
You die...

Action                   |  1- 3 |  4- 6 |  7- 9 | 10-12 | 13-15 || total
-------------------------+-------+-------+-------+-------+-------++-------
Melee: Unarmed           |    97 |   149 |   384 |   442 |   431 ||  1503
       Headbutt          |    10 |    12 |       |       |       ||    22
       Tailslap          |     5 |     8 |     9 |     7 |    36 ||    65
       Kick              |    19 |    19 |       |       |       ||    38
       Punch             |     1 |     1 |     1 |     8 |    17 ||    28
 Cast: Beastly Appendage |    24 |    21 |       |       |       ||    45
       Spider Form       |       |     4 |    37 |    41 |     5 ||    87
       Poisonous Vapours |       |     1 |     6 |       |       ||     7
       Wereblood         |       |       |     7 |     9 |    13 ||    29
       Ice Form          |       |       |       |     3 |    21 ||    24
 Abil: Rolling Charge    |     1 |     5 |     2 |       |       ||     8
       End Transformatio |       |       |     1 |     2 |       ||     3
Evoke: Wand              |       |       |     5 |     4 |       ||     9
  Use: Potion            |       |       |     1 |     3 |     2 ||     6
       Scroll            |       |       |     1 |     7 |    10 ||    18
 Stab: Sleeping          |       |       |     1 |       |       ||     1
       Paralysed         |       |       |       |     2 |       ||     2
Armor: Robe              |    47 |    40 |    17 |    24 |    81 ||   209
       Skin              |       |    11 |    49 |    50 |    98 ||   208
Dodge: Dodged            |    52 |    65 |   236 |   247 |   221 ||   821
Block: Other             |     7 |    24 |    60 |    59 |    86 ||   236
       Reflection        |       |     2 |     1 |     3 |     6 ||    12

Levels and vault maps discovered:
D:1:      lightli_arrival_maybe_door_vault, layout_loops_corners, serial_rivers,
          chequers_serial_rivers_marsh, chequers_serial_rivers_small_3,
          chequers_serial_rivers_micro_d, chequers_serial_rivers_large_a,
          chequers_serial_rivers_micro_e
D:2:      layout_rooms, shapermc_ecumenical_altar_mp_vishouse,
          minmay_misc_feat_five
D:3:      layout_basic, mainiacjoe_overflow_concentric_impassable,
          dk_noncrumbling_4, uniq_ijyb
D:4:      layout_cave_pods, mainiacjoe_overflow_large_starburst,
          minmay_temple_entry_trees, hangedman_decor_slide_cut,
          kennysheep_generic_room_12
D:5:      wander_guarded_unrand_ratskin, layout_loops_ring, uniq_pikel,
          uniq_menkaure
D:6:      layout_loops_ring, mainiacjoe_overflow_brackets, dk_rats_in_the_wall
D:7:      layout_basic, lemuel_round_altar, enter_ossuary_3, uniq_duvessa,
          uniq_maggie
D:8:      layout_basic, ashenzari_conservatory_becter, gammafunk_ghost_icy
D:9:      layout_loops_ring, mainiacjoe_overflow_alcove_2, enter_bailey_5,
          blue_anna_alchemist
D:10:     layout_basic, mainiacjoe_overflow_alcove_4, serial_shops,
          nicolae_shop_temple_entry_statues_fountains
D:11:     layout_basic, david_lair_generic
D:12:     minmay_containers, layout_grid_maze
D:13:     layout_loops_ring, serial_shops, shop
D:14:     layout_irregular_city, david_vaults_5, minmay_misc_feat_doors,
          nicolae_shop_sticking_my_neck_out
D:15:     hangedman_depths_entry_try_elsewhere_first, layout_irregular_city,
          nicolae_hepliaklqana_hippocampus
Depths:1: layout_basic, enter_ziggurat_a, chequers_serial_rivers_micro_a,
          hangedman_tar_grid_catacomb, abyss_entry_small_statue_room,
          nicolae_uskayaw_dance_hall, uniq_mara

Notes
Turn   | Place    | Note
-------+----------+-------------------------------------------
     0 | D:1      | sanka the Palentonga Transmuter began the quest for the
                  | Orb.
     0 | D:1      | Reached XP level 1. HP: 16/16 MP: 3/3
   673 | D:1      | Reached XP level 2. HP: 16/22 MP: 3/5
   785 | D:1      | Reached skill level 1 in Poison Magic
  1358 | D:1      | Reached XP level 3. HP: 26/27 MP: 4/6
  1373 | D:1      | Learned a level 2 spell: Wereblood
  1377 | D:1      | Learned a level 3 spell: Spider Form
  1384 | D:2      | Reached skill level 3 in Transmutations
  1685 | D:2      | Found a faded altar of an unknown god.
  1688 | D:2      | Prayed at the altar of an unknown god.
  1688 | D:2      | Became a worshipper of Vehumet
  1688 | D:2      | Reached * piety under Vehumet
  1688 | D:2      | Offered knowledge of Freeze by Vehumet.
  1995 | D:2      | Reached skill level 2 in Poison Magic
  1995 | D:2      | Reached XP level 4. HP: 31/34 MP: 5/7
  2324 | D:3      | Found an iron altar of Okawaru.
  2371 | D:3      | Reached ** piety under Vehumet
  2371 | D:3      | Offered knowledge of Poisonous Vapours by Vehumet.
  2452 | D:3      | Noticed Ijyb
  2481 | D:3      | Killed Ijyb
  2491 | D:3      | Reached skill level 4 in Transmutations
  2649 | D:4      | Noticed a phantom
  2656 | D:3      | Killed a phantom
  2657 | D:3      | Reached XP level 5. HP: 33/39 MP: 6/9
  2761 | D:4      | Found an opulent altar of Gozag.
  2764 | D:4      | Reached skill level 3 in Spellcasting
  2767 | D:4      | Learned a level 2 spell: Poisonous Vapours
  2833 | D:4      | Reached skill level 5 in Transmutations
  2974 | D:4      | Reached XP level 6. HP: 45/46 MP: 10/10
  3190 | D:4      | Found a staircase to the Ecumenical Temple.
  3404 | D:4      | Reached skill level 6 in Transmutations
  3587 | D:4      | Found an ancient bone altar of Kikubaaqudgha.
  3979 | D:5      | Entered Level 5 of the Dungeon
  3989 | D:5      | Offered knowledge of Frozen Ramparts by Vehumet.
  4007 | D:5      | Reached skill level 2 in Dodging
  4007 | D:5      | Gained mutation: You curl defensively after being hit. (AC
                  | +7*) [Palentonga growth]
  4007 | D:5      | Reached XP level 7. HP: 38/52 MP: 11/11
  4112 | D:5      | Noticed Pikel
  4272 | D:5      | Reached skill level 2 in Fighting
  4281 | D:5      | Reached skill level 4 in Unarmed Combat
  4641 | D:5      | Noticed Menkaure
  4652 | D:5      | Killed Menkaure
  4653 | D:5      | Reached skill level 3 in Fighting
  4653 | D:5      | Reached skill level 5 in Unarmed Combat
  5134 | D:5      | Reached skill level 3 in Dodging
  5134 | D:5      | Reached XP level 8. HP: 47/62 MP: 2/12
  5140 | D:5      | Killed Pikel
  5141 | D:5      | Reached skill level 6 in Unarmed Combat
  5162 | D:5      | Reached skill level 4 in Fighting
  5870 | D:5      | Reached *** piety under Vehumet
  5978 | D:5      | Reached skill level 7 in Unarmed Combat
  5984 | D:5      | Reached skill level 4 in Dodging
  6009 | D:5      | Offered knowledge of Airstrike by Vehumet.
  6291 | D:5      | Found the +2 ratskin cloak {*Rats rPois rN+ Str-1 Int-1
                  | Dex+1}
  6587 | D:6      | Reached XP level 9. HP: 65/70 MP: 13/13
  6716 | D:6      | Found a snail-covered altar of Cheibriados.
  7164 | D:7      | Identified +0 steam dragon scales
  7164 | D:7      | Noticed Maggie
  7174 | D:7      | Reached skill level 5 in Fighting
  7190 | D:7      | Killed Maggie
  7191 | D:7      | Reached skill level 8 in Unarmed Combat
  7304 | D:7      | Found a radiant altar of Vehumet.
  7310 | D:7      | Reached skill level 5 in Dodging
  7311 | D:7      | Reached **** piety under Vehumet
  7339 | D:7      | Found a sand-covered staircase.
  7443 | Ossuary  | Entered an ossuary
  7456 | Ossuary  | Reached skill level 9 in Unarmed Combat
  7481 | Ossuary  | Offered knowledge of Olgreb's Toxic Radiance by Vehumet.
  7506 | Ossuary  | Reached skill level 6 in Fighting
  7617 | D:7      | Noticed Duvessa
  7618 | D:7      | Noticed Dowan
  7627 | D:7      | Killed Duvessa
  7633 | D:7      | Killed Dowan
  7766 | D:7      | Reached XP level 10. HP: 68/82 MP: 14/14
  7847 | D:7      | Learned a level 2 spell: Passwall
  9039 | D:8      | Noticed diceflayer's ghost (novice DsFi)
  9070 | D:8      | Found a runed translucent gate.
  9070 | D:8      | Found a runed translucent gate.
  9070 | D:8      | Found a runed translucent gate.
  9107 | D:8      | Found a broken altar of Ashenzari.
  9274 | D:8      | Reached skill level 10 in Unarmed Combat
  9979 | D:9      | Reached skill level 7 in Fighting
  9979 | D:9      | Reached skill level 6 in Dodging
 10074 | D:9      | Found a flagged portal.
 10101 | Bailey   | Entered a bailey
 10165 | Bailey   | Noticed an orc warlord
 10227 | Bailey   | Reached ***** piety under Vehumet
 10265 | Bailey   | Found a runed translucent gate.
 10281 | Bailey   | Offered knowledge of Freezing Cloud by Vehumet.
 10321 | Bailey   | Found a runed translucent gate.
 10322 | Bailey   | Found a runed translucent gate.
 10508 | Bailey   | Killed an orc warlord
 10509 | Bailey   | Reached skill level 11 in Unarmed Combat
 10697 | Bailey   | Reached skill level 13 in Unarmed Combat
 10697 | Bailey   | Reached XP level 11. HP: 89/89 MP: 15/15
 10974 | D:9      | Reached skill level 14 in Unarmed Combat
 11021 | D:9      | Learned a level 4 spell: Ice Form
 11080 | D:9      | Found a bloodstained altar of Trog.
 11622 | D:10     | Entered Level 10 of the Dungeon
 11622 | D:10     | Noticed a two-headed ogre
 11634 | D:9      | Killed a two-headed ogre
 11635 | D:9      | Reached skill level 8 in Fighting
 11711 | D:10     | Reached XP level 12. HP: 81/98 MP: 13/16
 12094 | D:10     | Reached skill level 7 in Dodging
 12204 | D:10     | Found Qipteyso's Assorted Antiques.
 12240 | D:10     | Noticed a two-headed ogre
 12247 | D:10     | Killed a two-headed ogre
 12432 | D:10     | Found a glowing silver altar of Zin.
 12896 | D:11     | Found a staircase to the Lair.
 13174 | D:11     | Noticed a two-headed ogre
 13183 | D:11     | Killed a two-headed ogre
 13184 | D:11     | Reached skill level 15 in Unarmed Combat
 13724 | D:12     | Noticed a six-headed hydra
 13731 | D:12     | Killed a six-headed hydra
 13732 | D:12     | Reached skill level 9 in Fighting
 13945 | D:12     | Noticed a boulder beetle
 13971 | D:12     | Killed a boulder beetle
 13972 | D:12     | Reached skill level 8 in Dodging
 14411 | D:12     | Reached skill level 1 in Ice Magic
 14479 | D:12     | Found a staircase to the Orcish Mines.
 14758 | D:12     | Noticed a frost giant
 14759 | D:12     | Noticed a deep elf high priest
 14775 | D:12     | Killed a frost giant
 14782 | D:12     | Killed a deep elf high priest
 14783 | D:12     | Reached skill level 4 in Spellcasting
 14783 | D:12     | Reached skill level 2 in Ice Magic
 15183 | D:12     | Got the Atlas of the Evil Caves
 15470 | D:12     | Learned a level 5 spell: Freezing Cloud
 15622 | D:12     | Noticed a two-headed ogre
 15635 | D:12     | Killed a two-headed ogre
 15775 | D:12     | Identified the +1 robe "Urhitax" {Will+ Str+3}
 15784 | D:12     | Reached skill level 7 in Transmutations
 15933 | D:12     | Reached skill level 3 in Ice Magic
 16060 | D:12     | Reached XP level 13. HP: 108/108 MP: 18/20
 16699 | D:12     | Reached skill level 5 in Spellcasting
 16957 | D:13     | Reached skill level 4 in Ice Magic
 17095 | D:13     | Reached skill level 8 in Transmutations
 17475 | D:13     | Found Vice's Distillery.
 17902 | D:14     | Reached skill level 1 in Conjurations
 17916 | D:14     | Reached skill level 1 in Air Magic
 17991 | D:14     | Offered knowledge of Conjure Ball Lightning by Vehumet.
 18350 | D:14     | Reached skill level 2 in Conjurations
 18453 | D:14     | Noticed a fire dragon
 18478 | D:14     | Killed a fire dragon
 18479 | D:14     | Reached skill level 5 in Ice Magic
 18479 | D:14     | Reached skill level 2 in Air Magic
 18959 | D:14     | Reached skill level 3 in Conjurations
 18959 | D:14     | Reached skill level 9 in Transmutations
 19040 | D:14     | Reached skill level 3 in Air Magic
 19148 | D:14     | Found a gate to the Vaults.
 19286 | D:14     | Identified the +1 flail of Abboigimp {flame, rF++ rCorr}
 19593 | D:14     | Found Sothru's Neck Hole.
 19729 | D:15     | Entered Level 15 of the Dungeon
 19814 | D:14     | Reached skill level 10 in Transmutations
 20409 | D:15     | Reached skill level 10 in Fighting
 20887 | D:15     | Found a staircase to the Depths.
 20980 | D:15     | Reached XP level 14. HP: 117/117 MP: 21/21
 20985 | D:15     | Reached skill level 9 in Dodging
 21737 | D:15     | Found a hazy altar of Hepliaklqana.
 21957 | Depths:1 | Entered Level 1 of the Depths
 21957 | Depths:1 | Noticed a white very ugly thing
 21957 | Depths:1 | Noticed a white very ugly thing
 21981 | D:15     | Identified +0 fire dragon scales
 22208 | Depths:1 | Noticed a stone giant
 22215 | Depths:1 | Killed a white very ugly thing
 22222 | Depths:1 | Killed a stone giant
 22233 | D:15     | HP: 11/140 [purple very ugly thing (25)]
 22234 | D:15     | Killed a purple very ugly thing
 22237 | D:15     | HP: 2/140 [purple ugly thing (13)]
 22641 | D:15     | Reached skill level 10 in Dodging
 23087 | Depths:1 | Noticed a sphinx
 23093 | Depths:1 | Killed a sphinx
 23120 | Depths:1 | Found a hide-covered altar of Uskayaw.
 23120 | Depths:1 | Noticed a stone giant
 23125 | Depths:1 | Found a one-way gateway to a ziggurat.
 23125 | Depths:1 | Noticed a purple very ugly thing
 23125 | Depths:1 | Noticed a purple very ugly thing
 23125 | Depths:1 | Noticed a purple very ugly thing
 23128 | Depths:1 | Mangled by a white ugly thing

Vanquished Creatures
  A frost giant (D:12)
  An orc warlord (Bailey)
  2 very ugly things
  A stone giant (Depths:1)
  2 fire dragons
  A deep elf high priest (D:12)
  A vault guard (D:14)
  A rakshasa (D:13)
  3 boulder beetles
  A two-headed ogre (shapeshifter) (D:15)
  A hydra (D:12)
  2 centaur warriors (D:14)
  4 two-headed ogres
  An anaconda (shapeshifter) (D:14)
  A tengu warrior (D:14)
  3 skeletal warriors (D:12)
  A deep troll (Depths:1)
  4 deep elf pyromancers
  An orc knight (D:15)
  Pikel (D:5)
  4 manticores
  13 ugly things
  4 cyclopes
  An elephant (D:11)
  A naga mage (D:15)
  A kobold demonologist (D:13)
  2 efreet
  Maggie (D:7)
  A freezing wraith (D:14)
  A yaktaur (shapeshifter) (D:15)
  A komodo dragon (D:13)
  A tengu conjurer (D:14)
  4 yaktaurs (D:15)
  7 trolls
  A troll (shapeshifter) (D:14)
  A polar bear (shapeshifter) (D:15)
  8 slime creatures
  A jumping spider (shapeshifter) (D:14)
  2 wraiths
  2 vampires
  A culicivora (shapeshifter) (D:15)
  3 wyverns
  20 yaks
  3 basilisks
  8 vampire mosquitoes
  2 steam dragons
  Menkaure (D:5)
  An acid dragon (D:11)
  Duvessa (D:7)
  A water moccasin (D:7)
  A meliai simulacrum (D:15)
  An ice beast (D:7)
  A black bear (D:5)
  6 orc warriors
  An ogre (D:4)
  6 centaurs
  2 lemures (D:5)
  3 phantoms
  3 kobold brigands
  3 bullfrogs
  A necrophage (D:5)
  A scorpion (D:6)
  13 wights
  8 killer bees
  Dowan (D:7)
  A centaur zombie (Ossuary)
  8 howler monkeys
  2 hounds
  2 jellies
  3 orc priests
  2 iguanas
  10 orc wizards
  Ijyb (D:3)
  4 hell rats (D:5)
  6 mummies (Ossuary)
  5 gnolls
  9 adders
  25 river rats (D:5)
  2 shadow imps (D:5)
  2 ufetubi
  A worm zombie (D:7)
  2 worms
  23 orcs
  10 ball pythons
  10 endoplasms
  4 giant cockroaches
  13 goblins
  10 hobgoblins
  4 jackals (D:1)
  21 kobolds
  2 quokkas
  4 bats
  3 frilled lizards
  5 hobgoblin zombies (Ossuary)
  3 rats
379 creatures vanquished.

Vanquished Creatures (collateral kills)
  A sphinx (Depths:1)
  A swamp worm (shapeshifter) (Depths:1)
2 creatures vanquished.

Grand Total: 381 creatures vanquished
